Cogmind - Beta 14 @@@ ROGUE MODE // 2024.09.10 @ 18:52:55 Player: J1ang-5h1 Result: Core destroyed Performance ------------- Evolutions (3) 1500 Regions Visited (6) 1200 Robots Destroyed (164) 820 Value Destroyed (7328) 7328 Prototype IDs (10) 200 Alien Tech Used (0) 0 Bonus (2211) 2211 TOTAL SCORE: 13259 Bonus ------- High Alert Combat Kills 1334 Follower Combat Kills 177 Entered Garrisons 200 Used RIF Installer 500 Cogmind --------- Core Integrity 0/700 Matter 109/300 Energy 56/190 System Corruption 30% Temperature Critical (776) Movement Rolling (205) Ox7 Location -7/Factory Parts ------- > --- POWER (2) -------- Light Deuterium Engine Micro Nuclear Core > --- PROPULSION (3) --- Compact Wheel > --- UTILITY (5) ------ Huge Storage Unit Transmission Jammer Hardened Medium Armor Plating Graphene Brace Advanced EM Disruption Field > --- WEAPON (3) ------- Plasma Cannon Bore Cannon > --- INVENTORY (25) --- Micro Nuclear Core Wheel High-capacity Matter Pod (200) Improved Sensor Array Improved Terrain Scanner Seismic Detector Energy Filter Particle Charger Kinecellerator Heavy Armor Plating Hardened Medium Armor Plating Hardened Heavy Armor Plating Improved Thermal Defense Suite Shock Absorption System Hardlight Generator Improved Shield Generator Proton Missile Launcher Heavy Rocket Launcher Greatsword Plasma Sword Spear PL-3XN's Ring of Power Peak State ------------ > --- POWER ------------ Reinforced Deuterium Engine Heavy Antimatter Reactor > --- PROPULSION ------- Advanced Treads Medium Treads Medium Treads > --- UTILITY ---------- Experimental Heat Sink High-capacity Storage Unit Advanced Visual Processing Unit Advanced EM Disruption Field Hacking Suite > --- WEAPON ----------- Plasma Cannon Antimatter Cannon Plasma Sword > --- INVENTORY -------- Armored Huge Wheel High-capacity Matter Pod Improved Sensor Array Improved Terrain Scanner Seismic Detector Energy Filter Particle Charger Transmission Jammer Hardened Medium Armor Plating Improved Medium Armor Plating Graphene Brace Improved Thermal Defense Suite Improved Shield Generator Heavy Particle Cannon Flak Gun Proton Missile Launcher Heavy Rocket Launcher PL-3XN's Ring of Power [Rating: 69] Favorites ----------- Power Heavy Antimatter Reactor Engine Reinforced Deuterium Engine Power Core Micro Nuclear Core Reactor Heavy Antimatter Reactor Propulsion Light Treads Treads Light Treads Leg Aluminum Leg Wheel Armored Huge Wheel Utility High-capacity Storage Unit Device Experimental Heat Sink Storage High-capacity Storage Unit Processor Advanced Visual Processing Unit Hackware Hacking Suite Protection Hardened Medium Armor Plating Weapon Heavy Particle Cannon Energy Gun Pulse Rifle Energy Cannon Heavy Particle Cannon Ballistic Gun Assault Rifle Ballistic Cannon Antimatter Cannon Launcher Shock Bomb Launcher Special Weapon Mining Laser Slashing Weapon Plasma Sword Build | -11 -10 -10 -8 -7 -7 -7 ------- Run | Yrd Mat Sub Mat Fac Gar Fac Slots Evolved 6 | . . . 4 2 . . Power 1 | . . . . 1 . . Propulsion 1 | . . . 1 . . . Utility 3 | . . . 2 1 . . Weapon 1 | . . . 1 . . . Parts Attached 143 | 2 22 8 32 35 25 19 Power 16 | . 3 . 3 3 3 4 Engine 9 | . 2 . 2 1 3 1 Core 6 | . 1 . 1 1 . 3 Reactor 1 | . . . . 1 . . Propulsion 32 | . 6 2 8 9 3 4 Treads 19 | . 4 . 4 7 3 1 Leg 4 | . 1 . 2 1 . . Wheel 9 | . 1 2 2 1 . 3 Hover . | . . . . . . . Flight . | . . . . . . . Utility 50 | 1 3 4 12 12 10 8 Device 30 | 1 . 2 5 8 8 6 Storage 3 | . 2 . . . . 1 Processor 1 | . . . . 1 . . Hackware 1 | . . . . 1 . . Protection 15 | . 1 2 7 2 2 1 Artifact . | . . . . . . . Weapon 45 | 1 10 2 9 11 9 3 Energy Gun 2 | . . . 1 . 1 . Energy Cannon 12 | . 2 1 2 6 . 1 Ballistic Gun 9 | 1 5 . . . 2 1 Ballistic Cannon 9 | . . . 3 2 3 1 Launcher 7 | . 1 1 3 . 2 . Special Weapon 2 | . 2 . . . . . Impact Weapon . | . . . . . . . Slashing Weapon 4 | . . . . 3 1 . Piercing Weapon . | . . . . . . . Special Melee Weapon . | . . . . . . . Unidentified Prototypes 6 | . . . . 6 . . Corrupted Parts 3 | . . . . . 2 1 System Corruption 20 | . . . . . 10 10 Parts Lost 35 | . 2 2 3 6 12 10 Power 5 | . 1 . 1 1 1 1 Propulsion 13 | . . 1 2 2 2 6 Utility 7 | . . 1 . 1 4 1 Weapon 10 | . 1 . . 2 5 2 Highest Loss Streak 5 | . 1 1 1 2 5 3 To Critical Strikes . | . . . . . . . Average Slot Usage (%) 93 | . 97 97 95 94 83 90 Engine 6 | . 7 . 7 6 2 9 Core 3 | . 4 14 1 . 4 4 Reactor 2 | . . . . 4 6 . Treads 17 | . 20 24 11 19 9 16 Leg 2 | . 7 . 6 . . . Wheel 2 | . . 2 5 . 4 4 Device 15 | . 8 9 18 13 17 26 Storage 8 | . 14 14 9 7 7 7 Processor 2 | . . . . 6 2 . Hackware 2 | . . . . 6 2 . Protection 3 | . 5 4 8 2 3 . Energy Gun 1 | . . . 4 . . 3 Energy Cannon 9 | . 6 27 15 12 2 . Ballistic Gun 4 | . 19 . . . 1 6 Ballistic Cannon 4 | . . . 4 6 8 5 Peak Build Rating 69 | 8 12 15 32 69 67 62 Average Rating 40 | 6 9 11 27 57 57 56 On Entrance 26 | 6 8 12 15 32 64 47 Naked Turns . | . . . . . . . Heaviest Build 124 | 12 56 57 82 100 95 124 Greatest Support 78 | 20 40 40 60 78 60 60 Greatest Overweight (x) 7 | . 2 2 7 3 3 6 Average Overweight (x) 1 | . . 1 3 1 2 3 Largest Inventory Capacity 25 | 8 20 20 20 20 20 25 Average Capacity 19 | 8 17 20 20 20 20 21 Most Carried 25 | 8 20 20 20 20 20 25 Average Carried 18 | 6 13 19 19 19 17 20 Final Capacity 25 | 8 20 20 20 20 20 25 Final Carried 25 | 8 20 20 20 20 19 25 Class Distribution -------------------- 38% | Mutant 23% | Tank 21% | Scavenger-Tank 11% | Scavenger-Mutant Dominant Class ---------------- Mutant | -10/Materials Mutant | -10/Subcaves Scavenger-Tank | -8/Materials Tank | -7/Factory Mutant | -7/Garrison Scavenger-Mutant | -7/Factory Resources | -11 -10 -10 -8 -7 -7 -7 ----------- Run | Yrd Mat Sub Mat Fac Gar Fac Matter Collected 4350 | 332 569 218 648 966 761 856 Remotely . | . . . . . . . Salvage Created 6065 | 163 694 220 1676 1598 889 825 Parts 358 | 12 55 10 89 85 56 51 Haulers Intercepted 5 | . 1 . 1 3 . . Recyclers Shooed 6 | . . . 1 1 . 4 Parts Field Recycled . | . . . . . . . Retrieved Matter . | . . . . . . . Parts Self-Destructed 4 | . . 4 . . . . Prevented . | . . . . . . . Kills | -11 -10 -10 -8 -7 -7 -7 ------- Run | Yrd Mat Sub Mat Fac Gar Fac Combat Hostiles Destroyed 121 | . 18 5 32 30 22 14 Melee 7 | . . . . . 7 . Guns 26 | . 17 . . . 2 7 Cannons 65 | . 1 3 20 28 10 3 AOE 22 | . . 2 12 2 2 4 Classes Destroyed 17 | 2 6 2 4 1 2 . Worker 9 | . 2 . 3 2 . 2 Builder 7 | . 1 . 3 1 . 2 Tunneler 5 | 4 . . . . . 1 Hauler 5 | . 1 . 1 3 . . Recycler 7 | 1 . . 2 2 . 2 Operator 1 | . . . 1 . . . Watcher 9 | . 3 . 1 5 . . Swarmer 20 | . 6 . 7 6 . 1 Cutter 3 | . . . . . 3 . Grunt 53 | . 12 1 15 9 11 5 Brawler 4 | . . . 1 2 . 1 Sentry 19 | . . 1 7 4 5 2 Specialist 1 | . . . . . 1 . Hunter 2 | . . . 1 1 . . Programmer 15 | . . . . 8 2 5 Heavy 1 | . . . 1 . . . Subdweller 3 | . . 3 . . . . Best Kill Streak 6 | 2 6 2 5 5 4 6 Combat Bots Only 5 | . 5 2 5 4 4 4 Max Kills in Single Turn 4 | 1 2 1 2 2 1 4 Gunslinging . | . . . . . . . Exploded 4 | . . 1 2 1 1 4 Melee 1 | . . . . . 1 . Uniques/NPCs Destroyed . | . . . . . . . Combat | -11 -10 -10 -8 -7 -7 -7 -------- Run | Yrd Mat Sub Mat Fac Gar Fac Hostile Shots Fired 932 | . 114 32 122 232 299 133 Missed 309 | . 39 8 35 81 102 44 Damage Taken 8708 | . 810 684 1518 2169 2198 1329 Core 1131 | . 127 73 137 252 282 260 Absorbed by Shields 179 | . . . . . 179 . Ignored by Resistances 507 | . . . . 177 290 40 Regen/Repaired (Parts) 279 | . 219 . 60 . . . Core Remaining (%) 65 | 100 . 20 75 . . . Volleys Fired 458 | 28 87 20 96 109 69 49 Largest 3 | 2 2 2 3 3 3 3 Hottest 203 | 40 120 120 203 195 168 173 Shots Fired 948 | 56 166 37 196 261 111 121 Gun 284 | 56 148 . 4 . 14 62 Cannon 622 | . 6 34 171 261 91 59 Launcher 31 | . 1 3 21 . 6 . Special 11 | . 11 . . . . . Kinetic 494 | 56 148 . 38 86 75 91 Thermal 423 | . 17 34 137 175 30 30 Explosive 6 | . 1 3 2 . . . Electromagnetic 25 | . . . 19 . 6 . Robot Hit Streak 10 | 7 10 8 10 7 5 9 Robot Miss Streak 10 | 3 8 3 7 4 10 5 Penetration Max 1 | . . . . . . 1 Secondary Targets 3 | . 3 . . . . . Max Gunslinging Chain 1 | . 1 . . . . . Shots Hit Robots 495 | 29 96 24 94 126 70 56 Core Hits 251 | 7 41 9 67 56 44 27 Critical Kills 6 | . . . . . 1 5 Critical Parts Destroyed 11 | . 2 . . . . 9 Critical Strikes 28 | . 2 . . 3 8 15 Meltdown 1 | . . . . . 1 . Destroy 17 | . 2 . . . . 15 Blast 5 | . . . . 3 2 . Sever 5 | . . . . . 5 . Melee Attacks 40 | . . . . 9 31 . Impact . | . . . . . . . Slashing 40 | . . . . 9 31 . Piercing . | . . . . . . . Sneak Attacks . | . . . . . . . Combat Hostiles . | . . . . . . . Follow-up Attacks . | . . . . . . . Damage Inflicted 13818 | 307 1179 617 3193 4145 2088 2289 Guns 2489 | 307 1056 . 34 . 184 908 Cannons 8160 | . 35 422 2160 3877 918 748 Explosions 2215 | . 10 195 999 268 110 633 Melee 876 | . . . . . 876 . Ramming . | . . . . . . . Kinetic 5382 | 307 1056 . 488 1386 893 1252 Thermal 6141 | . 113 422 1778 2668 209 951 Explosive 473 | . 10 195 177 91 . . Electromagnetic 946 | . . . 750 . 110 86 Impact . | . . . . . . . Slashing 876 | . . . . . 876 . Piercing . | . . . . . . . Highest Corruption 30 | . . . 1 2 23 30 Average Corruption 9 | . . . 1 1 9 24 Corruption Purged 5 | . . . . . . 5 Corruption Blocked . | . . . . . . . Effects 197 | . . . 1 45 49 102 Message Errors 53 | . . . 1 14 12 26 Matter Fused 44 | . . . . 7 12 25 Heat Flow Errors 25 | . . . . 6 4 15 Energy Discharges 29 | . . . . 8 5 16 Parts Rejected 3 | . . . . . 2 1 Parts Fused 1 | . . . . . 1 . Data Loss (minor) 16 | . . . . 5 5 6 Data Loss (major) 8 | . . . . 2 3 3 Misfires 7 | . . . . 1 2 4 Alerts 1 | . . . . . . 1 Weapon Failures 10 | . . . . 2 3 5 Overload Shots . | . . . . . . . Overflow Damage 388 | . . 4 29 236 31 88 Projectiles 227 | . . 3 25 166 19 14 Explosions 161 | . . 1 4 70 12 74 Melee . | . . . . . . . Knockbacks 23 | . . . 2 9 5 7 Impact . | . . . . . . . Kinetic 22 | . . . 2 8 5 7 Secondary 1 | . . . . 1 . . Self-Inflicted Damage 379 | . . . 59 140 39 141 Shots 10 | . . . 4 2 2 2 Rammed . | . . . . . . . Targets Rammed . | . . . . . . . Kicked . | . . . . . . . Crushed . | . . . . . . . Highest Temperature 776 | . 173 364 351 654 454 776 Average Temperature 127 | . 63 100 100 141 127 186 Received Heat Transfer 3022 | . 330 408 576 570 850 288 Effects 47 | . . 1 . 24 2 20 Shutdowns 13 | . . 1 . 6 1 5 Energy Bleed 7 | . . . . 3 . 4 Interference 11 | . . . . 7 1 3 Matter Decay 8 | . . . . 4 . 4 Short Circuit 2 | . . . . 1 . 1 Damage (minor) 5 | . . . . 3 . 2 Damage (core) 1 | . . . . . . 1 Siege Activations . | . . . . . . . Robots Corrupted . | . . . . . . . Combat Hostiles . | . . . . . . . Parts Fried 4 | . . . 4 . . . Impact Corruptions . | . . . . . . . Robots Melted 1 | . . . . . 1 . Combat Hostiles 1 | . . . . . 1 . Parts Melted 11 | . . 1 2 7 1 . Heat Transferred 9186 | . 224 888 2777 3901 400 996 Parts Sabotaged . | . . . . . . . Parts Stolen . | . . . . . . . Parts Stripped . | . . . . . . . Power Chain Reactions 4 | . . . 1 . 2 1 Alert | -11 -10 -10 -8 -7 -7 -7 ------- Run | Yrd Mat Sub Mat Fac Gar Fac Peak Influence 1795 | 25 277 . 620 813 1795 1027 Initial 942 | . 16 . . 282 578 942 Average 463 | 11 81 . 233 421 1274 845 Maximum Alert Level 5 | . 1 . 2 3 5 3 Low Security (%) 29 | 100 95 . 50 . . . Level 1 29 | . 4 . 26 64 . . Level 2 14 | . . . 22 24 11 3 Level 3 19 | . . . . 10 16 96 Level 4 5 | . . . . . 55 . Level 5 1 | . . . . . 17 . High Security . | . . . . . . . Max Security . | . . . . . . . Squads Dispatched 34 | . 5 . 9 14 . 6 Investigation 11 | . 3 . 5 3 . . Extermination 13 | . . . . 8 . 5 Reinforcement 8 | . 2 . 4 2 . . Assault 1 | . . . . . . 1 Garrison 1 | . . . . 1 . . Intercept . | . . . . . . . Searches Triggered . | . . . . . . . Construction Impeded . | . . . . . . . Haulers Reinforced . | . . . . . . . Active Scanning Responses . | . . . . . . . Cargo Convoy Interrupts 1 | . . . . 1 . . Stealth | -11 -10 -10 -8 -7 -7 -7 --------- Run | Yrd Mat Sub Mat Fac Gar Fac Distress Signals 7 | . 3 . 3 1 . . Communications Jammed 3 | . . . . . . 3 Distress Signals 3 | . . . . . . 3 Times Spotted 183 | . 31 6 49 50 26 21 Peak Tracking Total 6 | . 6 2 5 4 5 4 Tactical Retreats 8 | . 2 . 4 . 1 1 Traps | -11 -10 -10 -8 -7 -7 -7 ------- Run | Yrd Mat Sub Mat Fac Gar Fac Traps Triggered 15 | . 4 . 1 3 3 4 Indirectly 1 | . . . 1 . . . Trap Hack Attempts . | . . . . . . . Triggered . | . . . . . . . Disarmed . | . . . . . . . Reprogrammed . | . . . . . . . Reused . | . . . . . . . Traps Extracted . | . . . . . . . Installed . | . . . . . . . Triggered 4 | . . . 1 3 . . Machines | -11 -10 -10 -8 -7 -7 -7 ---------- Run | Yrd Mat Sub Mat Fac Gar Fac Machines Disabled 37 | . 1 . 5 9 14 8 Max in Single Turn 5 | . 1 . 1 2 2 5 Garrison Access 2 | . . . 1 1 . . Garrison Relay 6 | . . . . . 6 . Phase Generator 1 | . . . . . 1 . Machines Repaired . | . . . . . . . Machines Dismantled . | . . . . . . . Machines Sabotaged . | . . . . . . . Overloaded Fab Kills . | . . . . . . . Hacking | -11 -10 -10 -8 -7 -7 -7 --------- Run | Yrd Mat Sub Mat Fac Gar Fac Machines Accessed 48 | . 9 . 14 15 2 8 Terminals 28 | . 6 . 8 7 2 5 Fabricators 3 | . . . . 2 . 1 Repair Stations 4 | . 1 . 2 1 . . Recycling Units 5 | . 2 . 1 1 . 1 Scanalyzers 4 | . . . 2 2 . . Garrison Access 4 | . . . 1 2 . 1 Total Hacks 137 | . 34 . 48 34 7 14 Successful 80 | . 23 . 35 18 . 4 Failed 57 | . 11 . 13 16 7 10 Catastrophic 9 | . . . . 3 2 4 Database Lockouts . | . . . . . . . Manual 69 | . 21 . 20 18 . 10 Terminals 79 | . 24 . 22 15 7 11 Fabricators 5 | . . . . 4 . 1 Repair Stations 15 | . 5 . 8 2 . . Recycling Units 15 | . 5 . 3 6 . 1 Scanalyzers 18 | . . . 14 4 . . Garrison Access 5 | . . . 1 3 . 1 Terminal Hacks 9 | . 7 . 2 . . . Robot Analysis 4 | . 4 . . . . . Prototype ID Bank 2 | . 1 . 1 . . . Terminal Index 1 | . 1 . . . . . Hauler Manifests 2 | . 1 . 1 . . . Fabricator Hacks 1 | . . . . 1 . . Network Status 1 | . . . . 1 . . Repair Station Hacks 12 | . 5 . 6 1 . . Scan Component 7 | . 3 . 3 1 . . Repair 5 | . 2 . 3 . . . Recycling Unit Hacks 8 | . 3 . 2 3 . . Report Inventory 5 | . 2 . 1 2 . . Retrieve Components 3 | . 1 . 1 1 . . Scanalyzer 15 | . . . 13 2 . . Insert Component 7 | . . . 6 1 . . Analyze 8 | . . . 7 1 . . Garrison Access Hacks 4 | . . . 1 2 . 1 Unlock Access 2 | . . . . 1 . 1 Seal Access 2 | . . . 1 1 . . Unauthorized Hacks 31 | . 8 . 11 9 . 3 Terminals 27 | . 7 . 11 6 . 3 Botnet 10 | . 2 . 4 2 . 2 Skim 17 | . 5 . 7 4 . 1 Fabricators 1 | . . . . 1 . . Fabnet 1 | . . . . 1 . . Repair Stations . | . . . . . . . Recycling Units 3 | . 1 . . 2 . . Reject 1 | . . . . 1 . . Mask 1 | . . . . 1 . . Tunnel 1 | . 1 . . . . . Scanalyzers . | . . . . . . . Garrison Access . | . . . . . . . Data Cores Recovered 1 | . . . 1 . . . Used . | . . . . . . . Hacking Detections 43 | . 8 . 12 14 2 7 Full Trace Events 7 | . . . 3 2 2 . Feedback Events 1 | . . . 1 . . . Corruption 1 | . . . 1 . . . Feedback Blocked . | . . . . . . . Robot Schematics Acquired . | . . . . . . . Robots Built . | . . . . . . . Authchips . | . . . . . . . Time . | . . . . . . . Total Robot Build Rating . | . . . . . . . Part Schematics Acquired 5 | . . . 4 1 . . Parts Built . | . . . . . . . Authchips . | . . . . . . . Time . | . . . . . . . Total Part Build Rating . | . . . . . . . Parts Repaired 5 | . 2 . 3 . . . Time 169 | . 52 . 117 . . . Parts Recycled . | . . . . . . . Recycled Matter . | . . . . . . . Retrieved Matter . | . . . . . . . Retrieved Components 25 | . 9 . 9 7 . . Parts Scanalyzed 6 | . . . 5 1 . . Part Schematics Acquired 5 | . . . 4 1 . . Parts Damaged 1 | . . . 1 . . . Bothacking | -11 -10 -10 -8 -7 -7 -7 ------------ Run | Yrd Mat Sub Mat Fac Gar Fac Used RIF Installer 1 | . . . . . 1 . Robots Hacked . | . . . . . . . Non-combat . | . . . . . . . Combat . | . . . . . . . Robot Hacks Applied . | . . . . . . . Relay Couplers Released 20 | . . . . . 20 . Machine Destruction 20 | . . . . . 20 . Fabnet Peak Effective % . | . . . . . . . Robots Rewired 3 | . . . . . 3 . Allies Hacked . | . . . . . . . Hacks Repelled . | . . . . . . . Allies | -11 -10 -10 -8 -7 -7 -7 -------- Run | Yrd Mat Sub Mat Fac Gar Fac Total Allies 3 | . . . . . 3 . Largest Group 3 | . . . . . 3 . Highest-Rated Group 101 | . . . . . 101 . Highest-Rated Ally 39 | . . . . . 39 . Total Orders . | . . . . . . . Ally Attacks 29 | . . . . . 29 . Total Damage 336 | . . . . . 336 . Kills 6 | . . . . . 6 . Allies Corrupted . | . . . . . . . Allies Melted . | . . . . . . . Intel | -11 -10 -10 -8 -7 -7 -7 ------- Run | Yrd Mat Sub Mat Fac Gar Fac Robot Analysis Total 4 | . 4 . . . . . Derelict Logs Recovered 1 | . . 1 . . . . Drone Launches . | . . . . . . . Drone Recoveries . | . . . . . . . Exploration | -11 -10 -10 -8 -7 -7 -7 ------------- Run | Yrd Mat Sub Mat Fac Gar Fac Turns Passed 14054 | 197 2541 535 2560 4918 1390 1913 Spaces Moved 5622 | 95 1045 203 897 1912 627 843 Core . | . . . . . . . Treads 3348 | . 666 171 328 1660 158 365 Legs 490 | 95 379 . 16 . . . Wheels 1784 | . . 32 553 252 469 478 Hover . | . . . . . . . Flight . | . . . . . . . Fastest Speed 116 | 120 120 120 120 130 130 116 Average Speed 209 | 120 196 226 227 226 169 201 Slowest Speed 540 | 120 260 320 540 400 320 400 Overloaded Moves . | . . . . . . . Propulsion Burnouts . | . . . . . . . Robots Hopped . | . . . . . . . Cave-ins Triggered 2 | . . . . . 2 . Exploration Rate (%) 44 | 5 98 17 71 45 57 19 Regions Visited 6 Branch Regions 1 Pre-discovered Areas 2 | . 2 . . . . . Known Exits Taken 4 | . 1 1 1 1 . . Unknown Exits Taken 1 | 1 . . . . . . Scrap Searched . | . . . . . . . Spaces Dug 32 | . 4 . 19 9 . . Terrain Destroyed 388 | . 11 15 71 93 146 52 Melee 9 | . . . . 9 . . Projectile 108 | . 4 . 56 16 8 24 AOE 271 | . 7 15 15 68 138 28 Terrain Rammed . | . . . . . . . Walls Destroyed . | . . . . . . . Machines Disabled . | . . . . . . . Actions | -11 -10 -10 -8 -7 -7 -7 --------- Run | Yrd Mat Sub Mat Fac Gar Fac Total 7005 | 127 1350 241 1249 2275 808 955 Wait 544 | . 168 . 182 155 22 17 Move 5617 | 94 1044 202 896 1912 626 843 Hop . | . . . . . . . Pick Up 99 | 3 20 6 18 21 15 16 Fast Attach 30 | . 6 1 9 8 1 5 Attach 38 | 1 2 1 3 4 19 8 Detach 6 | . . . 1 . 5 . Swap 75 | 1 14 6 20 23 5 6 Drop 78 | . 8 5 24 30 4 7 Fire 458 | 28 87 20 96 109 69 49 Melee 40 | . . . . 9 31 . Ram . | . . . . . . . Kick . | . . . . . . . Crush . | . . . . . . . Escape Stasis 8 | . . . . 4 . 4 Rewire 12 | . 1 . . . 11 . Trap . | . . . . . . . Miscellaneous . | . . . . . . . Route ------- -11/Scrapyard -10/Materials (discovered 6 exits: *Mat x3 / [*Min x2] / *Sub) -10/Subcaves (discovered 2 exits: *Mat x2) -8/Materials (discovered 3 exits: *Fac x3) -7/Factory (discovered 2 exits: [*Fac] / Gar) -7/Garrison -7/Factory (discovered 1 exit: Gar) History --------- Turn | Location | Event 17 | -11/Scrapyard | Discovered new exit (range 3) 198 | -11/Scrapyard | Entered Materials 226 | -10/Materials | Discovered new exit (range 16) 318 | -10/Materials | Build established: Mutant 430 | -10/Materials | Repaired Assault Rifle 566 | -10/Materials | Discovered new exit (range 10) 677 | -10/Materials | Discovered new exit (range 8) 721 | -10/Materials | Discovered new exit (range 14) 955 | -10/Materials | Identified exit to Subcaves 955 | -10/Materials | Identified exit to Materials 955 | -10/Materials | Learned location of 1 exit from Materials 1071 | -10/Materials | Learned location of 2 exits from Materials 1147 | -10/Materials | Learned location of Storage (-9) 1210 | -10/Materials | Learned location of 1 exit from Storage 1244 | -10/Materials | Learned Storage stockpile data 1290 | -10/Materials | Learned Storage emergency access door positions 1826 | -10/Materials | Core integrity fell below 50% 2419 | -10/Materials | Repaired Lgt. Treads 2739 | -10/Materials | Entered Subcaves 2740 | -10/Subcaves | Identified exit to Materials 2741 | -10/Subcaves | Ambushed by Subdwellers from Twisted Machinery 2807 | -10/Subcaves | Shifting Twisted Machinery released Sub. Beam Cannon 2824 | -10/Subcaves | Learned Materials interactive machine intel 2834 | -10/Subcaves | Shifting Twisted Machinery released Sub. Laser 3274 | -10/Subcaves | Entered Materials 3274 | -8/Materials | Evolved 4 slots: Propulsion x1, Utility x2, Weapon x1 3275 | -8/Materials | Identified exit to Factory 3276 | -8/Materials | Loaded intel: 19 interactive machine locations 3610 | -8/Materials | Build established: Scavenger-Skirmisher 3950 | -8/Materials | Build established: Scavenger-Tank 4752 | -8/Materials | Build established: Tank 4753 | -8/Materials | Repaired Broken Imp. Sensor Array 5199 | -8/Materials | Build established: Scavenger-Tank 5679 | -8/Materials | Repaired Grenade Launcher 5717 | -8/Materials | Repaired Shock Bomb Launcher? 5834 | -8/Materials | Entered Factory 5834 | -7/Factory | Evolved 2 slots: Power x1, Utility x1 5976 | -7/Factory | Discovered new exit (range 19) 6378 | -7/Factory | Garrison activated, responded to threat 6739 | -7/Factory | Build established: Tank 6750 | -7/Factory | Cargo convoy interrupted 7231 | -7/Factory | Build established: Mutant 7253 | -7/Factory | Found PL-3XN's Ring of Power 7257 | -7/Factory | Found Prototype Device 7257 | -7/Factory | Identified Adv. EM Disruption Field 7541 | -7/Factory | Build established: Tank 7957 | -7/Factory | Build established: Mutant 8398 | -7/Factory | Build established: Tank 10112 | -7/Factory | Build established: Mutant 10752 | -7/Factory | Identified exit to Garrison 10752 | -7/Factory | Entered Garrison 10882 | -7/Garrison | Triggered checkpoint 10914 | -7/Garrison | Phase Generator disabled 10922 | -7/Garrison | Garrison Relay disabled 11015 | -7/Garrison | Garrison Relay disabled 11019 | -7/Garrison | Garrison Relay disabled 11021 | -7/Garrison | Garrison Relay disabled 11023 | -7/Garrison | Garrison Relay disabled 11060 | -7/Garrison | Build established: Skirmisher 11195 | -7/Garrison | Crushed by falling debris 11195 | -7/Garrison | Core integrity fell below 50% 11195 | -7/Garrison | System corruption reached 10% 11226 | -7/Garrison | Lost 3 parts (2u1w) 11263 | -7/Garrison | Crushed by falling debris 11304 | -7/Garrison | Lost 3 parts (1n2w) 11339 | -7/Garrison | Door terminal overloaded 11406 | -7/Garrison | Triggered checkpoint 11407 | -7/Garrison | Triggered checkpoint 11412 | -7/Garrison | Triggered checkpoint 11468 | -7/Garrison | Lost 3 allies 11478 | -7/Garrison | Build established: Mutant 11638 | -7/Garrison | Discovered new exit (range 10) 11672 | -7/Garrison | Garrison Relay disabled 11692 | -7/Garrison | Triggered checkpoint 11745 | -7/Garrison | Lost 5 parts (1p1n2u1w) 11883 | -7/Garrison | Installed Relay Interface Framework 12013 | -7/Garrison | Build established: Scavenger-Mutant 12142 | -7/Garrison | Entered Factory 12509 | -7/Factory | Core integrity fell below 20% 12732 | -7/Factory | Build established: Scavenger-Tank 13093 | -7/Factory | Lost 3 parts (2n1w) 13340 | -7/Factory | Identified exit to Garrison 13479 | -7/Factory | Build established: Scavenger-Mutant 13742 | -7/Factory | First assault squad dispatched 13838 | -7/Factory | Lost 3 parts (2n1u) 13845 | -7/Factory | System corruption reached 30% 14056 | -7/Factory | Core destroyed Last Messages --------------- 14045_ Overheating: Matter decay (-56). 14047_ Power failure, Mic. Nuclear Core shutdown. 14047_ Destroyed Lgt. Deuterium Engine. 14048_ Overheating: System interference. 14048_ Transmission Jammer temporarily disabled. 14048_ Adv. EM Disruption Field temporarily disabled. 14049_ Overheating: Mic. Nuclear Core damaged (-10). 14050_ Overheating: Energy bleed (-25). 14050_ Destroyed Unknown Hover Unit. 14050_ HV Slug penetrates Wall. 14051_ Overheating: Matter decay (-18). 14052_ Overheating: Matter decay (-22). 14054_ Power failure, Lgt. Deuterium Engine shutdown. 14054_ Overheating: Energy bleed (-9). 14055_ Overheating: Energy bleed (-11). 14056_ Overheating: Core damaged (-126). Map ----- +----------------------------------------------------+ | | | | | | | | | | | ?????????????#########???????????????????????????? | | #####????????# #???????????????????????????? | | ########## % #???????????????????????????? | | #???????????????????????????? | | = ^ #???????????????????????????? | | #???????????????????????????? | | ##/####### #???????????????????????????? | | #+### ## #???????????????????????????? | | =%* # #### ###???????????????????????????? | | % + != #??# #?????????????????????????????? | | ! # #??# #?????????????????????????????? | | " #"""" #??# #?????????????????????????????? | | " #"""" #??# #?????????????????????????????? | | " #"""" #?## #?????????????????????????????? | | " / #"""" #?# #?????????????????????????????? | | " /!#"""" #?#T #?????????????????????????????? | | #"""" #?## #?????????????????????????????? | | ##### #??# #?????????????????????????????? | | ?????########??# #?????????????????????????????? | | ???????????????# #######+###???????????????????? | | ???????????????# @ #???????????????????? | | ???????????????# #???????????????????? | | ???????????????# r #???????????????????? | | ???????????????########### #???????????????????? | | ?????????????????????????? #???????????????????? | | ?????????????????????????? #???????????????????? | | ?????????????????????????? #???????????????????? | | ?????????????????????????? ;???????????????????? | | ?????????????????????????? ??????????????????? | | ???????????????????????????= ??????????????????? | | ???????????????????????????%! ?????????????????? | | ???????????????????????????! ?????????????????? | | ??????????????????????????? ????????????????? | | ??????????????????????????? ????????????????? | | ???????????????????????????? ???????????????????? | | ?????????????????????????????????????????????????? | | ?????????????????????????????????????????????????? | | ?????????????????????????????????????????????????? | | ?????????????????????????????????????????????????? | | ?????????????????????????????????????????????????? | | ?????????????????????????????????????????????????? | | ?????????????????????????????????????????????????? | | ?????????????????????????????????????????????????? | | ?????????????????????????????????????????????????? | | ?????????????????????????????????????????????????? | +----------------------------------------------------+ Best States ------------- Heat Dissipation 60 Energy Generation 36 Energy Capacity 530 Matter Stores 300 Matter Capacity 300 Sight Range 20 Terrain Scan Range 16 Terrain Scan Density 10 Jamming Range 12 Armor Coverage 300 Resistance: TH 25 Resistance: EM 50 Evasion (%) 55 Recoil Reduction 3 Offensive Hacking 10 Item Schematics ----------------- Cesium-ion Thruster | -8/Materials | Scanalyzed Imp. Sensor Array | -8/Materials | Scanalyzed Graphene Brace | -8/Materials | Scanalyzed Shock Bomb Launcher | -8/Materials | Scanalyzed Exp. Heat Sink | -7/Factory | Scanalyzed Robot Schematics ------------------ None Fabricated ------------ Nothing Alien Tech Used ----------------- None Achievements -------------- Just Shoot The Terminal Challenges ------------ None Game ------ Seed ThiefXenonStick Manual? 0 Play Time 01:55:23 Cumulative 264.2 hours Start 2024.09.10 @ 16:42:57 End 2024.09.10 @ 18:52:55 Sessions 1 Manual Loads 0 Difficulty Rogue Special Mode None Game No. 199 Rogue 189 Adventurer 0 Explorer 10 Win Type - Total 3 Types 3/0/0/0/0/0/0/0/0 Lore% 66 Gallery% 70 Achievement% 53 Wizard Run 0 Options --------- Layout 2 ASCII 0 Keyboard 0 Movement Arrows Keybinds 1 Fullscreen 1 Font 24/Smallcaps Map View 50x44 Zoom Use 0% Tactical HUD 1 Map Filters NONE Filters NONE Steam 1 RUN: 8c2c1b80-e087-4c7d-8d08-174891fc5858